 Dungeon Crawl Stone Soup version 0.20-a0-264-gaba7314 (webtiles) character file.

4518 sinon the Fighter (level 10, -1/91 HPs)
             Began as a Centaur Gladiator on Dec 5, 2016.
             Was an Initiate of Ieoh Jian.
             Slain by a komodo dragon (25 damage)
             ... on level 8 of the Dungeon.
             The game lasted 00:36:37 (8886 turns).

sinon the Fighter (Centaur Gladiator)               Turns: 8886, Time: 00:36:38

Health: -1/91      AC: 11    Str: 18    XL:     10   Next: 17%
Magic:  13/13      EV:  6    Int:  7    God:    Ieoh Jian [......]
Gold:   460        SH:  0    Dex: 17    Spells: 9/9 levels left

rFire  + . .     SeeInvis .     c - +7 dagger of the Big Fish {pierce, *Slow +Inv MR+}
rCold  . . .     Gourm    .     j - +0 chain mail
rNeg   . . .     Faith    .     (no shield)
rPois  .         Spirit   .     T - +0 helmet
rElec  .         Reflect  .     M - +0 cloak
rCorr  .         Harm     +     (no gloves)
MR     +....                    (no barding)
Stlth  ..........               D - amulet of harm
                                F - +4 ring of dexterity
                                k - ring of protection from fire

@: being watched over by the Council, very quick
A: hooves 3, deformed body, speed 2, tough skin 3
a: Renounce Religion, Steal And Renounce, Evoke Invisibility


You were on level 8 of the Dungeon.
You worshipped Ieoh Jian.
Ieoh Jian was noncommittal.
You were very hungry.

You visited 2 branches of the dungeon, and saw 9 of its levels.

You collected 460 gold pieces.

Inventory:

Hand Weapons
 a - a +0 war axe
 c - the +7 dagger of the Big Fish (weapon) {pierce, *Slow +Inv MR+}
   (You found it on level 4 of the Dungeon)

   It inflicts extra damage upon your enemies.
   It affects your resistance to hostile enchantments.
   It lets you turn invisible.
   It may slow you when you take damage.
 z - a cursed +5 dire flail of freezing
Missiles
 d - 3 throwing nets
 e - 168 stones (quivered)
 n - 11 javelins
 o - 141 arrows
Armour
 j - a +0 chain mail (worn)
 E - a +0 buckler
 M - a +0 cloak (worn)
 T - a +0 helmet (worn)
Magical Staves
 C - an uncursed staff of energy
Jewellery
 k - a ring of protection from fire (left hand)
 D - an amulet of harm (around neck)
 F - a +4 ring of dexterity (right hand)
 O - an uncursed amulet of regeneration {unknown}
 P - an uncursed amulet of rage {unknown}
 Q - a +2 amulet of reflection {unknown}
 R - an uncursed ring of flight
 S - a +5 ring of dexterity
Wands
 y - a wand of paralysis (9/24)
 H - a wand of flame (28/48)
 N - a wand of slowing (10/48)
 V - a wand of iceblast (4/15)
Scrolls
 g - 2 scrolls of immolation {unknown}
 h - 9 scrolls of identify
 l - 2 scrolls of enchant armour {unknown}
 m - 2 scrolls of random uselessness {unknown}
 s - a scroll of fog {unknown}
 v - 6 scrolls of remove curse {unknown}
 w - a scroll of blinking {unknown}
 A - a scroll of enchant weapon {unknown}
 I - a scroll of amnesia {unknown}
 J - a scroll of magic mapping {unknown}
 W - a scroll of teleportation {unknown}
Potions
 b - a potion of brilliance {unknown}
 i - a potion of berserk rage
 p - a potion of lignification
 q - 2 potions of curing
 r - 3 potions of ambrosia
 t - 2 potions of agility
 u - a potion of invisibility
 x - a potion of haste {unknown}
 B - a potion of cancellation
 G - a potion of resistance
 K - 2 potions of might
 L - a potion of heal wounds
Books
 U - a book of Frost

   Spells                             Type                      Level
   a - Freeze                         Ice                          1
   b - Throw Frost                    Conjuration/Ice              2
   c - Ozocubu's Armour               Charms/Ice                   3
   d - Throw Icicle                   Conjuration/Ice              4
   e - Summon Ice Beast               Ice/Summoning                4
Comestibles
 f - 4 bread rations


   Skills:
 + Level 9.3 Fighting
 - Level 7.1 Axes
 - Level 2.1 Throwing
 - Level 5.0 Armour
 - Level 2.1 Dodging
 - Level 5.0 Invocations
 - Level 4.0 Evocations


You had 9 spell levels left.
You didn't know any spells.

Dungeon Overview and Level Annotations

Branches:
Dungeon (8/15)             Temple (1/1) D:7
   Lair: D:8-11

Altars:
Ashenzari
Cheibriados
Dithmenos
Fedhas
Gozag
Hepliaklqana Ieoh Jian
Kikubaaqudgha
Makhleb
Nemelex Xobeh
Okawaru
Qazlal
Ru
Sif Muna
Trog
Uskayaw
Vehumet
Xom
Yredelemnul
Zin
The Shining One

Annotations:
D:3 Grinder


Innate Abilities, Weirdness & Mutations

You have hooves in place of feet.
Armour fits poorly on your strangely shaped body.
You cover ground very quickly.
You have extremely tough skin. (AC +3)


Message History

Aim: a komodo dragon (sparse dust, heavily wounded)
You throw a stone.
The stone hits the komodo dragon but does no damage.
The komodo dragon is heavily wounded.
A +1 scythe manifests from thin air!
You hit the komodo dragon.
You kick the komodo dragon, but do no damage.
The komodo dragon is severely wounded.
You hit the komodo dragon but do no damage.
You kick the komodo dragon, but do no damage.
The komodo dragon is severely wounded.
The komodo dragon closely misses you.
You hit the komodo dragon.
You kick the komodo dragon, but do no damage.
The komodo dragon is almost dead.
The komodo dragon bites you!!
* * * LOW HITPOINT WARNING * * *
You hit the komodo dragon.
The komodo dragon is almost dead.
The komodo dragon bites you!!
You die...

### #.....# ########.# ##
#.....###........#######.
#.....##{####.##.[....)l#
#.....##{##..z.z(#######.
#.....##@#.......# #
#.....##l#.<..##.#
#.....##z#z.l....#
#########'###z.....##.########
#.........................+...
####.##..........#......###...
#.##.#...............###...
#....###.##..##.#.......[..
####.# #.#...##.#..........


You could see a komodo dragon, 2 wights and 2 friendly +1 scythes.

Vanquished Creatures
  Erica (D:8)
  The ghost of KikuChan the Skirmisher, a novice DsMo of Ieoh Jian (D:4)
  A komodo dragon (D:8)
  A hippogriff (D:7)
  A wyvern (D:8)
  A basilisk (D:8)
  A swamp drake (D:8)
  3 ice beasts
  A sky beast (D:8)
  2 phantoms
  5 ogres
  3 bullfrogs
  2 scorpions
  16 wights
  A howler monkey (D:6)
  A bullfrog zombie (D:8)
  2 crimson imps
  A hound (D:5)
  A jelly (D:5)
  Crazy Yiuf (D:6)
  A bullfrog skeleton (D:6)
  2 orc priests
  5 orc wizards
  4 iguanas
  3 worker ants
  A killer bee zombie (D:7)
  2 hound skeletons (D:4)
  2 howler monkey zombies (D:5)
  A worker ant zombie (D:5)
  8 adders
  A shadow imp (D:4)
  An adder skeleton (D:5)
  A worm (D:2)
  A dart slug (D:5)
  6 leopard geckos
  17 orcs
  5 giant cockroaches
  7 goblins
  7 hobgoblins
  22 jackals
  7 kobolds
  2 quokkas
  A ball python (D:1)
  6 bats
  A frilled lizard (D:2)
  A leopard gecko skeleton (D:6)
  A leopard gecko zombie (D:6)
  5 rats
167 creatures vanquished.

Vanquished Creatures (others)
  3 flying weapons (D:8)
3 creatures vanquished.

Grand Total: 170 creatures vanquished

Notes
Turn   | Place    | Note
-------+----------+-------------------------------------------
     0 | D:1      | sinon the Centaur Gladiator began the quest for the Orb.
     0 | D:1      | Reached XP level 1. HP: 17/17 MP: 1/1
    82 | D:1      | Reached XP level 2. HP: 10/24 MP: 2/2
   778 | D:1      | Reached XP level 3. HP: 29/29 MP: 3/3
  1651 | D:2      | Found a deep blue altar of Sif Muna.
  1651 | D:2      | Found a glowing silver altar of Zin.
  1655 | D:2      | Found a sacrificial altar of Ru.
  1664 | D:2      | Found a radiant altar of Vehumet.
  1936 | D:3      | Noticed Grinder
  1996 | D:3      | Reached XP level 4. HP: 31/36 MP: 4/4
  2186 | D:4      | Noticed KikuChan's ghost (novice DsMo)
  2205 | D:4      | Killed KikuChan's ghost
  2205 | D:4      | Reached XP level 5. HP: 7/41 MP: 5/5
  2205 | D:4      | Reached XP level 6. HP: 8/48 MP: 6/6
  2474 | D:4      | HP: 2/48 [leopard gecko (4)]
  2835 | D:4      | Got an ancient dagger
  2836 | D:4      | Identified the +7 dagger of the Big Fish {pierce, *Slow +Inv MR+} (You found it on level 4 of the Dungeon)
  3006 | D:4      | Reached XP level 7. HP: 52/55 MP: 7/7
  3183 | D:5      | Entered Level 5 of the Dungeon
  3296 | D:5      | Reached skill level 1 in Armour
  3514 | D:5      | Reached skill level 3 in Fighting
  3839 | D:5      | Reached skill level 4 in Fighting
  4626 | D:6      | Reached XP level 8. HP: 38/67 MP: 8/8
  4861 | D:6      | Reached skill level 5 in Fighting
  4968 | D:6      | HP: 2/68 [ogre/giant spiked club (20)]
  4980 | D:6      | Reached skill level 1 in Evocations
  5855 | D:6      | Reached skill level 6 in Fighting
  6077 | D:6      | Reached XP level 9. HP: 41/77 MP: 11/11
  6747 | D:6      | Found a runed door.
  6751 | D:6      | Noticed Crazy Yiuf
  6755 | D:6      | Killed Crazy Yiuf
  6827 | D:7      | Found a staircase to the Ecumenical Temple.
  6852 | Temple   | Entered the Ecumenical Temple
  6959 | Temple   | Became a worshipper of Ieoh Jian the Bladed Council
  6989 | D:7      | Found an iron altar of Okawaru.
  7222 | D:7      | Reached skill level 7 in Fighting
  7338 | D:7      | Reached skill level 5 in Armour
  7338 | D:7      | Reached skill level 1 in Invocations
  7847 | D:8      | Noticed Erica
  7856 | D:8      | Killed Erica
  7856 | D:8      | Reached skill level 8 in Fighting
  7999 | D:8      | Reached skill level 5 in Invocations
  7999 | D:8      | Reached XP level 10. HP: 51/90 MP: 13/13
  8313 | D:8      | Reached skill level 9 in Fighting
  8886 | D:8      | Slain by a komodo dragon

Vault maps used:
D:1:      dpeg_arrival_solitude, minmay_cupped
D:2:      minitemple
D:3:      grunt_ministairs_12, uniq_grinder
D:4:      first_bread
D:5:      wad_lake_hut, serial_corexii_hall, corexii_hall_statues_l,
          corexii_hall_statues_deadend, corexii_hall_statues_t,
          corexii_hall_statues_t, kennysheep_generic_room_11
D:6:      uniq_crazy_yiuf_cottage
D:7:      nicolae_overflow_crystal_walls
D:8:      erik_lair_dragon, uniq_maurice, uniq_erica
Temple:   compressed_dpeg_circular_temple

Skill      XL: |  1  2  3  4  5  6  7  8  9 10 |
---------------+-------------------------------+-----
Axes           | 3 4 6 7 |  7.1
Armour         | 3 4 5 |  5.0
Fighting       | 4 6 8 9 |  9.3
Evocations     | 3 4 |  4.0
Invocations    | 5 |  5.0
Throwing       | |  2.1
Dodging        | |  2.1

Action                   |  1- 3 |  4- 6 |  7- 9 | 10-12 || total
-------------------------+-------+-------+-------+-------++-------
Melee: War axe           |   160 |    63 |       |       ||   223
       Kick              |    33 |    22 |    98 |    26 ||   179
       Dagger            |       |    18 |   318 |    71 ||   407
       Punch             |       |       |     3 |     1 ||     4
Throw: Stone             |     6 |     9 |    94 |    35 ||   144
       Javelin           |       |     3 |     2 |       ||     5
       Throwing net      |       |       |     2 |       ||     2
Evoke: Wand              |       |     1 |     3 |     1 ||     5
  Use: Scroll            |     4 |       |     6 |       ||    10
       Potion            |       |     1 |       |       ||     1
 Stab: Paralysed         |       |     3 |       |       ||     3
       Held in net/web   |       |       |     1 |       ||     1
       Confused          |       |       |       |     1 ||     1
  Eat: Chunk             |     2 |     3 |    12 |     2 ||    19
       Pizza             |       |       |     1 |       ||     1
Armor: Leather armour    |    12 |       |       |       ||    12
       Chain mail        |   104 |    43 |   113 |    13 ||   273
Dodge: Dodged            |    68 |    28 |    53 |     9 ||   158
